AoeStats
← Kanyaga

Arabia

508296144Analyzed
1v1 RM · 10d ago on Sep 21, 2026· 49m 59s· 2 players
Game mode
Random Map
Map size
Tiny (2 player)
Population
200
Speed
Normal
Resources
Standard
Victory
Conquest
Starting age
Dark Age
Ending age
Imperial Age
RankedLock teamsTeams togetherTeam positionsShared explorationLock speedFull tech treeHidden civsTurbo modeCheats
Victory
Defeat
🇹🇷 Huns · Türkiye
1500
+15
🇦🇹 Bohemians · Austria
1478
-15
KimchiiLover069
6:43 Loom
9:47 Feudal Age
10:07 Man-at-Arms
15:59 Horse Collar
20:39 Castle Age
19:27 Fletching
19:38 Padded Archer Armor
19:42 Double-Bit Axe
20:44 Crossbowman
21:32 Bodkin Arrow
23:47 Leather Archer Armor
26:22 Bow Saw
27:11 Wheelbarrow
26:40 Town Watch
30:14 Scale Barding Armor
32:12 Chain Barding Armor
38:32 Imperial Age
36:19 Hand Cart
38:53 Elite Hussite Wagon
40:17 Conscription
41:18 Two-Man Saw
41:29 Bracer
41:12 Arbalester
42:24 Ring Archer Armor
41:40 Light Cavalry
42:21 Husbandry
42:33 Forging
43:12 Ballistics
43:53 Chemistry
Kanyaga
6:29 Loom
8:45 Feudal Age
9:27 Double-Bit Axe
16:43 Fletching
16:54 Padded Archer Armor
22:58 Castle Age
23:55 Bow Saw
23:19 Elite Skirmisher
23:57 Bodkin Arrow
26:57 Leather Archer Armor
29:51 Horse Collar
30:28 Town Watch
31:19 Wheelbarrow
37:53 Imperial Age
35:51 Scale Barding Armor
35:56 Forging
36:45 Bloodlines
36:36 Husbandry
37:17 Town Patrol
37:39 Chain Barding Armor
37:06 Light Cavalry
38:43 Iron Casting
38:43 Thumb Ring
39:07 Bracer
40:01 Plate Barding Armor
41:17 Blast Furnace
41:13 Parthian Tactics
41:45 Conscription
41:11 Hussar
42:51 Ballistics
44:04 Chemistry
44:55 Atheism
44:08 Heavy Cavalry Archer
45:31 Hand Cart
45:43 Elite Tarkan
47:50 Marauders
49:21 Two-Man Saw
Connection lost

Rejoining the realm…

Still unreachable

The connection could not be restored.

Session expired

The server has moved on; the page needs a fresh start.